AoeStats
← 81danchoi

Nomad

509582071Analyzed
4v4 RM · 6d ago on Sep 27, 2026· 34m 56s· 8 players
Game mode
Random Map
Map size
231×231
Population
200
Speed
Normal
Resources
Standard
Victory
Conquest
Starting age
Dark Age
Ending age
Imperial Age
RankedLock teamsTeams togetherTeam positionsShared explorationLock speedFull tech treeHidden civsTurbo modeCheats
Victory
Defeat
🇻🇳 Saxons · Vietnam
1866
+10
🇨🇳 Persians · China
1835
+11
🇻🇳 Japanese · Vietnam
1777
+13
🇨🇳 Spanish · China
1639
+19
🇮🇹 Saxons · Italy
1892
-21
🇧🇪 Saxons · Belgium
1662
-11
🇺🇸 Saxons · United States
1659
-11
🇨🇦 Saxons · Canada
1635
-10
Bz_青红
5:26 Loom
12:34 Feudal Age
16:15 Castle Age
15:20 Double-Bit Axe
15:35 Horse Collar
16:05 Town Watch
81danchoi
5:25 Loom
13:02 Feudal Age
18:17 Castle Age
16:36 Double-Bit Axe
16:54 Town Watch
17:36 Fishing Lines
19:17 Medium Warships
27:40 Bow Saw
28:56 Horse Collar
29:06 Gold Mining
32:44 Fletching
34:30 Bodkin Arrow
38:05 Imperial Age
36:11 Wheelbarrow
十大地方
11:12 Loom
13:13 Feudal Age
14:39 Double-Bit Axe
16:55 Castle Age
17:41 Bow Saw
18:02 Horse Collar
18:26 Gold Mining
23:13 Heavy Plow
26:53 Scale Barding Armor
26:58 Forging
28:09 Wheelbarrow
27:19 Town Watch
34:26 Imperial Age
32:58 Iron Casting
32:58 Stone Mining
33:39 Hand Cart
35:06 Chain Barding Armor
35:28 Bloodlines
35:18 Husbandry
saymynameBook
10:48 Loom
12:34 Feudal Age
13:37 Town Watch
16:47 Castle Age
15:32 Double-Bit Axe
16:27 Fletching
17:42 Bow Saw
19:58 Horse Collar
25:50 Wheelbarrow
24:56 Fishing Lines
25:56 Stone Mining
26:40 Gold Mining
27:13 Gillnets
31:41 Imperial Age
30:00 Heavy Plow
30:39 Gambesons
30:55 Squires
30:41 Arson
31:24 Scale Mail Armor
32:35 Chain Mail Armor
33:25 Conscription
33:51 Plate Mail Armor
33:32 Forging
33:42 Elite Varangian Guard
Benitto Burrito
5:02 Loom
14:58 Feudal Age
18:46 Castle Age
17:41 Fletching
17:53 Padded Archer Armor
18:23 Double-Bit Axe
18:33 Gold Mining
18:51 Crossbowman
20:16 Town Watch
24:34 Bodkin Arrow
29:50 Wheelbarrow
Thundernips, The Ultimate Gigolo
4:38 Loom
13:39 Feudal Age
15:11 Town Watch
22:45 Wheelbarrow
28:45 Castle Age
30:09 Wheelbarrow
OS | dreamerion92
11:30 Feudal Age
12:01 Double-Bit Axe
13:47 Loom
14:09 Fishing Lines
15:49 Wheelbarrow
20:05 Castle Age
21:10 Bow Saw
20:52 Gillnets
23:11 Gold Mining
25:09 Horse Collar
26:28 Medium Warships
28:11 Forging
33:49 Imperial Age
32:34 Gold Shaft Mining
32:15 Scale Mail Armor
32:45 Squires
33:16 Chain Mail Armor
33:00 Fletching
34:21 Hand Cart
35:22 Plate Mail Armor
AOKI_Caféglacé
4:40 Loom
12:47 Feudal Age
16:54 Castle Age
16:31 Double-Bit Axe
17:47 Fletching
18:02 Horse Collar
23:00 Ballistics
23:01 Padded Archer Armor
23:12 Gold Mining
Connection lost

Rejoining the realm…

Still unreachable

The connection could not be restored.

Session expired

The server has moved on; the page needs a fresh start.